 Dungeon Crawl Stone Soup version 0.25.1-2-g60ff931df9 (webtiles) character file.

Game seed: 14549747306110361177

135 Johnny the Digger (level 4, 0/33 HPs)
             Began as a Demigod Earth Elementalist on Oct 27, 2020.
             Succumbed to a scorpion's poison
             ... on level 2 of the Dungeon.
             The game lasted 00:01:57 (3106 turns).

Johnny the Digger (Demigod Earth Elementalist)      Turns: 3106, Time: 00:01:57

Health: 0/33       AC:  4    Str: 10 (11) XL:     4   Next: 66%
Magic:  5/11       EV: 12    Int: 19 (21) God:
Gold:   139        SH:  0    Dex: 13 (16) Spells: 7/8 levels left

rFire    . . .     SeeInvis .   i - +1 whip (drain)
rCold    . . .     Gourm    .   (no shield)
rNeg     . . .     Faith    .   c - +0 robe
rPois    .         Spirit   .   p - +0 helmet
rElec    .         Reflect  .   (no cloak)
rCorr    .         Harm     .   k - +0 pair of gloves
MR       .....                  (no boots)
Stlth    ++........             g - amulet of the acrobat
HPRegen  0.11/turn              (no ring)
MPRegen  0.12/turn              (no ring)

@: lethally poisoned (0 -> -9), very slightly contaminated, lightly drained
A: high mp 1
a: no special abilities


You were on level 2 of the Dungeon.
You were not hungry.

You visited 1 branch of the dungeon, and saw 2 of its levels.

You collected 139 gold pieces.

Inventory:

Hand Weapons
 e - a +0 dagger
 i - a +1 whip of draining (weapon)
Missiles
 b - 27 stones (quivered)
Armour
 c - a +0 robe (worn)
 k - a +0 pair of gloves (worn)
 p - a +0 helmet (worn)
Jewellery
 g - an amulet of the acrobat (around neck)
 j - an uncursed amulet of reflection
Scrolls
 f - 4 scrolls of identify {unknown}
 h - 2 scrolls of remove curse {unknown}
 l - a scroll of enchant weapon {unknown}
 m - a scroll of fear {unknown}
 n - a scroll of enchant armour {unknown}
 o - a scroll of fog {unknown}
Comestibles
 d - 4 rations
 q - 3 chunks of flesh


   Skills:
 - Level 1.7(1.6) Dodging
 - Level 1.7(1.6) Stealth
 + Level 2.8(2.7) Spellcasting
   Level 0.8(0.7) Transmutations
 * Level 4.5(4.4) Earth Magic


You had 7 spell levels left.
You knew the following spells:

 Your Spells              Type           Power        Failure   Level  Hunger
a - Sandblast             Erth           ###...       2%          1    None

Your spell library contained the following spells:

 Spells                   Type           Power        Failure   Level  Hunger
 Passwall                 Tmut/Erth      ##......     9%          2    ##.....
 Stone Arrow              Conj/Erth      ##....       19%         3    ###....
 Petrify                  Tmut/Erth      ##......     47%         4    ####...
 Lee's Rapid Deconstruct  Erth           ###.......   56%         5    ######.


Dungeon Overview and Level Annotations

Branches:
Dungeon (2/15)


Innate Abilities, Weirdness & Mutations

You have an increased reservoir of magic. (+10% MP)


Message History

You feel sick. The scorpion closely misses you.
Casting: Sandblast (safe; 2% risk of failure)
Confirm with . or Enter, or press ? or * to list all spells.
Aiming: Sandblast (safe; 2% risk of failure)
Press: ? - help, Shift-Dir - straight line, f/p - scorpion
Aim: a scorpion (heavily wounded)
The blast of sand hits the scorpion.
The scorpion is heavily wounded.
b - 28 stones The scorpion stings you.
* * * LOW HITPOINT WARNING * * *
Casting: Sandblast (safe; 2% risk of failure)
Confirm with . or Enter, or press ? or * to list all spells.
Aiming: Sandblast (safe; 2% risk of failure)
Press: ? - help, Shift-Dir - straight line, f/p - scorpion
Aim: a scorpion (heavily wounded)
The blast of sand hits the scorpion.
The scorpion is heavily wounded.
b - 27 stones You die...

#.##.##...#......##.#
#.......#.#.........#
####.##..........####
#.####.#......#
#........######
######.### ### ###.# #..
..#.############ #.#
#.#.##.@s......# ###.#
#.#.##.#######.#
....######.#.##.........#
..^.....##..........##..#
....###..........##.##..#
#.#.# ####....#..##.##..#
#.#.######.#.##..##.....#
#.#........#.##.........#
....########.###.#####..#


You could see a scorpion.

Vanquished Creatures
  Robin (D:2)
  4 adders (D:2)
  A gnoll (D:1)
  An ooze (D:1)
  2 worms (D:2)
  A dart slug (D:1)
  A leopard gecko (D:1)
  5 giant cockroaches
  15 goblins
  7 hobgoblins
  2 jackals (D:1)
  2 quokkas (D:2)
  7 bats
  2 frilled lizards (D:1)
  6 kobolds
  6 rats
63 creatures vanquished.

Notes
Turn   | Place    | Note
-------+----------+-------------------------------------------
     0 | D:1      | Johnny the Demigod Earth Elementalist began the quest for
                  | the Orb.
     0 | D:1      | Reached XP level 1. HP: 14/14 MP: 5/5
   202 | D:1      | Reached skill level 3 in Earth Magic
   202 | D:1      | Reached XP level 2. HP: 17/20 MP: 0/7
  1419 | D:1      | Reached XP level 3. HP: 15/26 MP: 3/9
  1872 | D:2      | Reached skill level 4 in Earth Magic
  2485 | D:2      | Reached XP level 4. HP: 23/33 MP: 6/10
  2754 | D:2      | Noticed Robin
  2766 | D:2      | Killed Robin
  3105 | D:2      | HP: 1/33 [scorpion (5)]
  3106 | D:2      | Succumbed to a scorpion's poison

Illustrated notes

Levels and vault maps discovered:
D:1:      minmay_arrival_four_loops, layout_basic, minmay_misc_feat_roman
D:2:      layout_loops_corners, first_ration, uniq_robin

Skill      XL: |  1  2  3 |
---------------+----------+-----
Spellcasting   | 2 |  2.8
Earth Magic    | 3 4 |  4.5
Dodging        | |  1.7
Stealth        | |  1.7
Transmutations | |  0.8

Action                   |  1- 3 |  4- 6 || total
-------------------------+-------+-------++-------
Melee: Dagger            |    55 |       ||    55
       Unarmed           |     1 |       ||     1
       Whip              |    40 |    39 ||    79
 Cast: Sandblast         |    43 |    16 ||    59
  Use: Potion            |       |     1 ||     1
 Stab: Sleeping          |     5 |     3 ||     8
  Eat: Chunk             |     5 |     2 ||     7
Armor: Robe              |    26 |    18 ||    44
Dodge: Dodged            |   103 |    45 ||   148
